 Dungeon Crawl Stone Soup version 0.31-a0-175-g9f7f995f2b (webtiles) character file.

Game seed: 13600890736071097988

373 qw the Shooter (level 6, 0/38 HPs)
             Began as a Gargoyle Hunter on June 16, 2023.
             Shot with an arrow by a centaur (9 damage)
             ... on level 5 of the Dungeon.
             The game lasted 00:01:12 (2988 turns).

qw the Shooter (Gargoyle Hunter)                    Turns: 2988, Time: 00:01:12

Health: 0/38       AC: 10    Str: 15    XL:     6   Next: 71%
Magic:  6/6        EV: 11    Int:  9    God:
Gold:   158        SH:  0    Dex: 15    Spells: 5/5 levels left

rFire   . . .        Y - +1 shortbow
rCold   . . .        (shield currently unavailable)
rNeg    + . .        b - +0 ring mail
rPois   inf          e - +0 helmet
rElec   +            (no cloak)
rCorr   .            (no gloves)
SInv    .            (no boots)
Will    .....        (no amulet)
Stlth   +            (no ring)
HPRegen 0.26/turn    (no ring)
MPRegen 0.10/turn

%: no passive effects
@: no status effects
A: sickness immunity, AC +4, negative energy resistance 1, electricity
resistance, torment resistance 1, petrification resistance
a: no special abilities


You were on level 5 of the Dungeon.
You visited 1 branch of the dungeon, and saw 5 of its levels.

You collected 158 gold pieces.


Innate Abilities, Weirdness & Mutations

You are immune to sickness and miasma.
Your stone body is resilient. (AC +4)
You are immune to poison.
You resist negative energy. (rN+)
You are resistant to electric shocks. (rElec)
You are resistant to unholy torment.
You are immune to petrification.


   Skills:
 - Level 4.1 Fighting
 + Level 6.9 Ranged Weapons
 - Level 1.0 Armour
 - Level 1.5 Dodging
 - Level 1.1 Stealth


You had 5 spell levels left.
You didn't know any spells.
Your spell library was empty.

Inventory:

Hand Weapons
 Y - a +1 shortbow (weapon)
Armour
 b - a +0 ring mail (worn)
 e - a +0 helmet (worn)
Scrolls
 a - 2 scrolls of identify
Potions
 h - a potion of haste

Dungeon Overview and Level Annotations

Branches:
Dungeon (5/15)
 Temple: D:4-7

Altars:

Annotations:
D:4 1 transporter, qw's ghost, amateur GrFi


Message History

The centaur shoots an arrow.
The arrow completely misses you.
The centaur shoots an arrow.
The arrow hits you.
You shoot an arrow. The arrow closely misses the centaur.
The centaur shoots an arrow.
The arrow barely misses you.
You shoot an arrow. The arrow hits the centaur.
The centaur is lightly wounded.
The centaur shoots an arrow.
The arrow misses you.
The centaur shoots an arrow.
The arrow hits you but does no damage.
You shoot an arrow. The arrow barely misses the centaur.
The centaur shoots an arrow.
The arrow hits you.
You shoot an arrow. The arrow barely misses the centaur.
The centaur shoots an arrow.
The arrow hits you!
The centaur shoots an arrow.
The arrow hits you!
You shoot an arrow. The arrow hits the centaur.
The centaur is moderately wounded.
The centaur shoots an arrow.
The arrow hits you.
You shoot an arrow. The arrow hits the centaur.
The centaur is moderately wounded.
The centaur shoots an arrow.
The arrow closely misses you.
The centaur shoots an arrow.
The arrow closely misses you.
You shoot an arrow. The arrow hits the centaur.
The centaur is heavily wounded.
The centaur shoots an arrow.
The arrow completely misses you.
The centaur shoots an arrow.
The arrow misses you.
You shoot an arrow. The arrow closely misses the centaur.
The centaur shoots an arrow.
The arrow hits you.
The centaur shoots an arrow.
The arrow hits you.
You shoot an arrow.
The arrow hits the centaur but does no damage.
The centaur is heavily wounded.
The centaur shoots an arrow.
The arrow barely misses you.
You shoot an arrow. The arrow hits the centaur!
The centaur is severely wounded.
The centaur shoots an arrow.
The arrow barely misses you.
The centaur shoots an arrow.
The arrow barely misses you.
You shoot an arrow.
The arrow hits the centaur but does no damage.
The centaur is severely wounded.
The centaur shoots an arrow.
The arrow hits you!
You die...

#..#......<...#..
#..#...>.........
#.......^...#.>##
...#........# ##
...#......###
........##.###
..........#.#.###
(...............#
.##........@...##
............###
.............#
..............#
..............#
..............
##.....!?...c#
.............


You could see a centaur.

Vanquished Creatures
  2 phantoms (D:4)
  A scorpion (D:5)
  2 hounds
  Robin (D:4)
  2 adders
  An ufetubus (D:4)
  An orc (D:4)
  8 endoplasms
  6 giant cockroaches
  12 goblins
  5 hobgoblins
  4 jackals (D:3)
  10 kobolds
  2 quokkas
  9 ball pythons
  4 bats
  5 frilled lizards
  6 rats
81 creatures vanquished.

Notes
Turn   | Place    | Note
-------+----------+-------------------------------------------
     0 | D:1      | qw the Gargoyle Hunter began the quest for the Orb.
     0 | D:1      | Reached XP level 1. HP: 12/12 MP: 1/1
     0 | D:1      | 0 ||| qw: Version: 0.2-a-29-g511e9b1
     0 | D:1      | 0 ||| qw: Game counter: 12
     0 | D:1      | 0 ||| qw: Always use a shield: true
     0 | D:1      | 0 ||| qw: God list: Okawaru
     0 | D:1      | 0 ||| qw: Allow faded altars: false
     0 | D:1      | 0 ||| qw: Do Orc after D:15 true
     0 | D:1      | 0 ||| qw: Do second Lair branch before Depths: true
     0 | D:1      | 0 ||| qw: Lair rune preference: random
     0 | D:1      | 0 ||| qw: Plans: Normal, Zot:1-4, Slime:5, God:TSO, Crypt,
                  | Tomb, Abyss, Pan, Hells, Win
     0 | D:1      | 0 ||| PLANNING D:1-11
   207 | D:1      | Reached XP level 2. HP: 17/17 MP: 2/2
   882 | D:1      | 882 ||| UPGRADING to +0 helmet.
   887 | D:1      | 887 ||| READING 2 scrolls labelled JIPEUL IPNI.
   888 | D:1      | 888 ||| READING scroll labelled RUSETR QYSACA.
   889 | D:1      | 889 ||| READING scroll labelled VEPNUH VAOC.
   890 | D:1      | 890 ||| READING scroll labelled DYMMEG ACIEMAZ.
   893 | D:1      | 893 ||| READING scroll labelled IRYEWU BUKIJ.
   894 | D:1      | 894 ||| DROPPING scroll of butterflies.
   907 | D:2      | Reached XP level 3. HP: 21/21 MP: 3/3
   956 | D:2      | Reached skill level 5 in Ranged Weapons
  1142 | D:2      | Reached skill level 3 in Fighting
  1414 | D:2      | 1414 ||| READING scroll labelled RAS ULEOLI WYKA.
  1415 | D:2      | 1415 ||| READING scroll labelled PUSMUO ZOEB.
  1416 | D:2      | 1416 ||| READING scroll labelled XUTOUF DIKAAF.
  1517 | D:3      | Reached XP level 4. HP: 25/28 MP: 4/4
  1998 | D:3      | 1998 ||| UPGRADING to +0 ring mail.
  2008 | D:3      | 2008 ||| DROPPING +0 leather armour.
  2009 | D:3      | 2009 ||| READING scroll labelled YCRYSY BAZO.
  2010 | D:3      | 2010 ||| READING 2 scrolls of identify.
  2010 | D:3      | 2010 ||| IDENTIFYING red potion
  2031 | D:4      | Noticed Robin
  2035 | D:4      | 2035 ||| Stepping ~*~*~tactically~*~*~ (outnumbered).
  2038 | D:4      | 2038 ||| Stepping ~*~*~tactically~*~*~ (outnumbered).
  2066 | D:4      | Reached skill level 1 in Armour
  2066 | D:4      | HP: 6/28 [hobgoblin[Robin] (2)]
  2067 | D:4      | 2067 ||| READING scroll of teleportation.
  2068 | D:4      | 2068 ||| DRINKING potion of heal wounds.
  2103 | D:4      | Reached XP level 5. HP: 21/32 MP: 5/5
  2112 | D:4      | Killed Robin
  2293 | D:4      | Noticed an ogre
  2293 | D:4      | Noticed qw's ghost (amateur GrFi)
  2296 | D:4      | Found a transporter.
  2296 | D:4      | Noticed an ogre
  2296 | D:4      | Identified the +1 giant spiked club "Miydidghi" {flame,
                  | rC+}
  2296 | D:4      | Noticed an ogre
  2333 | D:4      | Noticed a phantom
  2340 | D:4      | Killed a phantom
  2341 | D:4      | Reached skill level 6 in Ranged Weapons
  2629 | D:4      | Noticed a phantom
  2646 | D:4      | Killed a phantom
  2647 | D:4      | Reached XP level 6. HP: 15/38 MP: 6/6
  2921 | D:4      | 2921 ||| READING scroll labelled ZACHUTH PARUQ.
  2922 | D:4      | 2922 ||| READING scroll labelled XAXTAE DICIASH.
  2923 | D:4      | 2923 ||| READING 4 scrolls of identify.
  2923 | D:4      | 2923 ||| IDENTIFYING bubbling grey potion
  2924 | D:4      | 2924 ||| READING 3 scrolls of identify.
  2924 | D:4      | 2924 ||| IDENTIFYING pink potion
  2925 | D:4      | 2925 ||| READING 2 scrolls of identify.
  2925 | D:4      | 2925 ||| IDENTIFYING yellow potion
  2926 | D:4      | 2926 ||| DROPPING potion of berserk rage.
  2927 | D:4      | 2927 ||| DROPPING potion of enlightenment.
  2947 | D:5      | Entered Level 5 of the Dungeon
  2985 | D:5      | HP: 8/38 [centaur/arrow (5)]
  2988 | D:5      | Shot with an arrow by a centaur

Levels and vault maps discovered:
D:1:      minmay_arrival_radiant_lines, layout_loops_corners,
          dreamdust_princess_bridge
D:2:      layout_rooms, item_on_display_a
D:3:      layout_loops_ring, minmay_tree_intersection
D:4:      layout_basic, gammafunk_ghost_smash, uniq_robin
D:5:      layout_cave_pools, kennysheep_generic_room_13, uniq_blork_the_orc

Skill      XL: |  1  2  3  4  5 |
---------------+----------------+-----
Ranged Weapons | 5 6 |  6.9
Fighting       | 3 4 |  4.1
Armour         | 1 |  1.0
Dodging        | |  1.5
Stealth        | |  1.1

Action                     |  1- 3 |  4- 6 || total
---------------------------+-------+-------++-------
   Fire: Shortbow          |   120 |   164 ||   284
    Use: Scroll            |     8 |     8 ||    16
         Potion            |       |     1 ||     1
 Armour: Leather armour    |    20 |     3 ||    23
         Ring mail         |       |   102 ||   102
  Dodge: Dodged            |    27 |   142 ||   169

Table legend:
 A = Non-vault XP
 B = Vault XP
 C = Vault XP percentage of total XP
 D = Non-vault monster count
 E = Vault monster count
 F = Vault count percentage of total count
                 A         B        C        D         E       F
            +---------+---------+-------+---------+---------+-------
      Total |     497 |      36 |   6.8 |      69 |      12 |  14.8
            +---------+---------+-------+---------+---------+-------
        D:1 |      32 |       0 |   0.0 |      24 |       0 |   0.0
        D:2 |      41 |       0 |   0.0 |      17 |       0 |   0.0
        D:3 |      35 |       0 |   0.0 |      15 |       0 |   0.0
        D:4 |     267 |      36 |  11.9 |      11 |      12 |  52.2
        D:5 |     122 |       0 |   0.0 |       2 |       0 |   0.0
            +---------+---------+-------+---------+---------+-------
